 Dungeon Crawl Stone Soup version 0.25-a0-246-g58704a1 (webtiles) character file.

Game seed: 13461186054493141556, levelgen mode: deterministic

249 Blackhawk the Shield-Bearer (level 5, -1/48 HPs)
             Began as a Minotaur Fighter on Dec 3, 2019.
             Slain by an ogre
             ... wielding a +0 giant spiked club
              (27 damage)
             ... on level 4 of the Dungeon.
             The game lasted 00:03:45 (3210 turns).

Blackhawk the Shield-Bearer (Minotaur Fighter)      Turns: 3210, Time: 00:03:46

Health: -1/48      AC:  9    Str: 21    XL:     5   Next: 87%
Magic:  4/4        EV:  5    Int:  5    God:
Gold:   139        SH: 10    Dex: 10    Spells: 4/4 levels left

rFire    . . .     SeeInvis .   a - +0 war axe
rCold    . . .     Gourm    .   c - +0 shield
rNeg     + . .     Faith    +   t - +0 chain mail
rPois    .         Spirit   .   (helmet restricted)
rElec    .         Reflect  .   (no cloak)
rCorr    .         Harm     .   (no gloves)
MR       +....                  (no boots)
Stlth    ..........             g - amulet of faith
HPRegen  0.16/turn              j - ring of positive energy
MPRegen  0.09/turn              m - ring of protection from magic

@: lethally poisoned (-1 -> -2)
A: retaliatory headbutt, horns 2
a: no special abilities


You were on level 4 of the Dungeon.
You were not hungry.

You visited 1 branch of the dungeon, and saw 4 of its levels.

You collected 139 gold pieces.

Inventory:

Hand Weapons
 a - a +0 war axe (weapon)
Missiles
 z - a throwing net (quivered)
Armour
 b - a +0 scale mail
 c - a +0 shield (worn)
 t - a +0 chain mail (worn)
Jewellery
 g - an amulet of faith (around neck)
 j - a ring of positive energy (left hand)
 m - a ring of protection from magic (right hand)
 p - an uncursed amulet of the acrobat {unknown}
 q - a cursed amulet of inaccuracy {unknown}
 s - a cursed ring of fire {unknown}
Scrolls
 e - 2 scrolls of enchant armour {unknown}
 n - 2 scrolls of amnesia {unknown}
 o - 2 scrolls of identify {unknown}
 x - a scroll of remove curse {unknown}
 y - a scroll of fear {unknown}
Potions
 d - a potion of might
 h - a potion of magic {unknown}
 i - a potion of lignification {unknown}
 k - 2 potions of brilliance {unknown}
 l - a potion of haste {unknown}
 r - a potion of mutation {unknown}
 u - a potion of curing {unknown}
 v - a potion of resistance {unknown}
 A - a potion of flight {unknown}
Comestibles
 f - 6 rations
 w - 2 chunks of flesh


   Skills:
 + Level 5.0 Fighting
 + Level 4.3 Axes
 + Level 5.0 Armour
 + Level 5.1 Shields


You had 4 spell levels left.
You didn't know any spells.
Your spell library was empty.

Dungeon Overview and Level Annotations

Branches:
Dungeon (4/15)
 Temple: D:4-7

Altars:
Ashenzari


Innate Abilities, Weirdness & Mutations

You reflexively headbutt those who attack you in melee.
You have a pair of horns on your head.


Message History

You are too injured to fight recklessly!
You are too injured to fight recklessly!
You are too injured to fight recklessly!
You are too injured to fight recklessly!
You are too injured to fight recklessly!
You feel sick. The adder closely misses you.
The orc priest mumbles some strange prayers to Beogh against you.
You resist with some effort. The ogre barely misses you.
The adder barely misses you.
The orc priest invokes the aid of Beogh against you.
Pain shoots through your body! The adder bites you but does no damage.
Found a stone staircase leading down.
The orc priest looks satisfied for a moment.
There is a stone staircase leading up here.
You feel sick. You block the adder's attack.
The orc priest calls upon Beogh to heal the orc wizard.
The orc wizard is healed somewhat.
The ogre hits you with a +0 giant spiked club!!
Ouch! That really hurt!
You die...

#. #....... > #.
###....#.##.
..#.##...$....... .
..............##
#.#........#......
#...##..o.........
.#.....oo......#
.......@So$.##.#
........O...#..
........o...#.#
............#.# ..
..............# #.#
##...........## #.# .
.............# #.####..
##...........####......#
#....####.#.##......#


You could see an ogre, an orc priest, an orc wizard, an adder and 3 orcs.

Vanquished Creatures
  A hound (D:4)
  2 orc priests
  An orc wizard (D:4)
  4 gnolls (D:2)
  2 adders
  2 worms (D:3)
  A dart slug (D:2)
  2 leopard geckos
  7 orcs
  A ball python (D:2)
  7 bats
  3 giant cockroaches (D:1)
  4 hobgoblins (D:1)
  4 jackals (D:3)
  2 quokkas
  6 frilled lizards
  8 goblins
  8 kobolds
  5 rats
70 creatures vanquished.

Notes
Turn   | Place    | Note
-------+----------+-------------------------------------------
     0 | D:1      | Blackhawk the Minotaur Fighter began the quest for the Orb.
     0 | D:1      | Reached XP level 1. HP: 19/19 MP: 0/0
   123 | D:1      | Reached XP level 2. HP: 26/27 MP: 1/1
   900 | D:2      | Reached XP level 3. HP: 4/33 MP: 2/2
  1332 | D:2      | Reached XP level 4. HP: 38/40 MP: 3/3
  2235 | D:2      | Found a shattered altar of Ashenzari.
  2443 | D:3      | Reached XP level 5. HP: 33/47 MP: 4/4
  3198 | D:4      | Noticed an ogre
  3201 | D:4      | Reached skill level 5 in Fighting
  3201 | D:4      | Reached skill level 5 in Armour
  3201 | D:4      | Reached skill level 5 in Shields
  3210 | D:4      | Slain by an ogre

Levels and vault maps discovered:
D:1:      ebering_trefoil_3fold, layout_loops_corners
D:2:      layout_loops_ring, marbit_many_paths, grunt_ministairs_8
D:3:      layout_basic
D:4:      layout_rooms, zin_angel

Skill      XL: |  1  2  3  4  5 |
---------------+----------------+-----
Armour         | 4 5 |  5.0
Fighting       | 4 5 |  5.0
Shields        | 4 5 |  5.1
Axes           | 3 4 |  4.3

Action                   |  1- 3 |  4- 6 || total
-------------------------+-------+-------++-------
Melee: War axe           |    63 |   100 ||   163
       Headbutt          |    15 |    16 ||    31
  Eat: Chunk             |     1 |     6 ||     7
Armor: Scale mail        |    27 |    19 ||    46
       Chain mail        |       |    25 ||    25
Dodge: Dodged            |    26 |    24 ||    50
Block: Shield            |    31 |    51 ||    82

Table legend:
 A = Non-vault XP
 B = Vault XP
 C = Vault XP percentage of total XP
 D = Non-vault monster count
 E = Vault monster count
 F = Vault count percentage of total count
                 A         B        C        D         E       F
            +---------+---------+-------+---------+---------+-------
      Total |     341 |      16 |   4.5 |      67 |       3 |   4.3
            +---------+---------+-------+---------+---------+-------
        D:1 |      36 |       0 |   0.0 |      23 |       0 |   0.0
        D:2 |      77 |      16 |  17.2 |      15 |       3 |  16.7
        D:3 |      99 |       0 |   0.0 |      22 |       0 |   0.0
        D:4 |     129 |       0 |   0.0 |       7 |       0 |   0.0
            +---------+---------+-------+---------+---------+-------
